 Dungeon Crawl Stone Soup version 0.18-a0-1685-g4482fe3 (webtiles) character file.

53 namelastname112 the Grasshopper (level 3, -1/31 HPs)
             Began as a Draconian Warper on Apr 4, 2016.
             Slain by a hobgoblin
             ... wielding a +0 club
              (7 damage)
             ... on level 2 of the Dungeon.
             The game lasted 00:01:23 (1392 turns).

namelastname112 the Grasshopper (Draconian Warper)  Turns: 1392, Time: 00:01:24

Health: -1/31      AC:  6    Str: 13    XL:     3   Next: 62%
Magic:  6/6        EV: 12    Int: 13    God:
Gold:   98         SH:  0    Dex: 11    Spells: 2 memorised, 3 levels left

rFire  . . .     SeeInvis .     a - +0 short sword
rCold  . . .     Gourm    .     (armour unavailable)
rNeg   . . .     Faith    .     (no shield)
rPois  .         Spirit   .     (helmet restricted)
rElec  .         Dismiss  .     g - +0 cloak
rCorr  .         Reflect  .     (no gloves)
SustAt .         Harm     .     (no boots)
MR     .....                    (no amulet)
Stlth  +.........               (no ring)
                                (no ring)

@: not resistant to hostile enchantments, very unstealthy
A: unfitting armour, cold-blooded, AC +5
a: no special abilities


You were on level 2 of the Dungeon.
You were hungry.

You visited 1 branch of the dungeon, and saw 2 of its levels.

You collected 98 gold pieces.

Inventory:

Hand Weapons
 a - a +0 short sword (weapon)
Missiles
 d - 5 tomahawks of dispersal (quivered)
 p - 18 arrows
Armour
 g - a +0 cloak (worn)
Scrolls
 c - a scroll of blinking
 e - 2 scrolls of enchant weapon {unknown}
 j - 2 scrolls of random uselessness {unknown}
 l - a scroll of enchant armour {unknown}
 m - 3 scrolls of identify {unknown}
Potions
 i - a potion of flight {unknown}
 k - 2 potions of heal wounds {unknown}
 n - a potion of brilliance {unknown}
 o - a potion of curing {unknown}
Books
 b - a book of Spatial Translocations

   Spells                             Type                      Level
   a - Apportation                    Translocation                1
   b - Blink                          Translocation                2
   c - Shroud of Golubria             Charms/Translocation         2
   d - Portal Projectile              Translocation                3
   e - Teleport Other                 Translocation                3
   f - Passage of Golubria            Translocation                4
Comestibles
 f - 2 bread rations
 h - 2 meat rations


   Skills:
 + Level 3.2 Fighting
 - Level 2.0 Short Blades
 - Level 0.8 Throwing
 + Level 2.8 Dodging
 - Level 2.0 Spellcasting
 + Level 3.5 Translocations


You had 3 spell levels left.
You knew the following spells:

 Your Spells              Type           Power        Failure   Level  Hunger
a - Apportation           Tloc           ##........   8%          1    ##.....
c - Blink                 Tloc           N/A          10%         2    ###....


Dungeon Overview and Level Annotations

Branches:
Dungeon (2/15)

Altars:


Innate Abilities, Weirdness & Mutations

Your plain brown scales are hard (AC +5).
Your body does not fit into most forms of armour.
You are cold-blooded and may be slowed by cold attacks.


Message History

The worm is moderately wounded.
You hit the worm.
The worm is moderately wounded.
The hobgoblin barely misses you. The worm misses you.
You hit the worm.
The worm is heavily wounded.
The hobgoblin closely misses you.
You barely miss the worm.
The worm is heavily wounded.
The hobgoblin closely misses you. The worm bites you.
* * * LOW HITPOINT WARNING * * *
You are too injured to fight recklessly!
You are too injured to fight recklessly!
There is an open door here.
The hobgoblin hits you with a club.
* * * LOW HITPOINT WARNING * * *
You are too injured to fight recklessly!
You are too injured to fight recklessly!
You hit the hobgoblin but do no damage. The hobgoblin hits you with a club!
You die...

.# .# .# .. ## .... #+## ...#
##...## # #.## ##.....## ##
#..## ##.......##
.##########.#..####.........#
.........[># #..@gw..†......+
..#######.## #...##.........#
#.# ##.###...###.......## #.#
##.#.#.## ##.....## #.#
##.##.# ##...## #.# ####.#
#+## #.# #.# #.# #.# #.# ...


You could see a worm and a hobgoblin.

Vanquished Creatures
  An adder (D:2)
  An ooze (D:1)
  A dart slug (D:1)
  3 goblins
  7 hobgoblins (D:1)
  6 jackals (D:1)
  7 kobolds
  A bat (D:1)
  3 giant newts
  5 rats
35 creatures vanquished.

Notes
Turn   | Place    | Note
--------------------------------------------------------------
     0 | D:1      | namelastname112 the Draconian Warper began the quest for the Orb.
     0 | D:1      | Reached XP level 1. HP: 17/17 MP: 3/3
   248 | D:1      | Reached XP level 2. HP: 15/25 MP: 5/5
   534 | D:1      | Learned a level 2 spell: Blink
   808 | D:1      | Reached XP level 3. HP: 25/30 MP: 6/6
  1392 | D:2      | Slain by a hobgoblin

Vault maps used:
D:1:      grunt_arrival_lava_bath
D:2:      old_standard_altar, first_bread

Skill      XL: |  1  2  3 |
---------------+----------+-----
Fighting       | 3 |  3.2
Short Blades   | |  2.0
Throwing       | |  0.8
Dodging        | |  2.8
Spellcasting   | |  2.0
Translocations | |  3.5

Action                   || total
-------------------------++-------
Melee: Short sword       ||   116
  Eat: Chunk             ||     1
